 Dungeon Crawl Stone Soup version 0.25-a0-697-g890751e (webtiles) character file.

Game seed: 1083429430432966029, levelgen mode: deterministic

1894 BlueFish the Skirmisher (level 8, -3/62 HPs)
             Began as a Demonspawn Gladiator on Mar 31, 2020.
             Was an Initiate of Makhleb.
             Killed from afar by a gargoyle (34 damage)
             ... with a stone arrow
             ... on level 6 of the Dungeon on Apr 1, 2020.
             The game lasted 00:16:56 (7212 turns).

BlueFish the Skirmisher (Demonspawn Gladiator)      Turns: 7212, Time: 00:16:57

Health: -3/62      AC:  9    Str: 14    XL:     8   Next: 93%
Magic:  8/8        EV: 13    Int: 10    God:    Makhleb [......]
Gold:   319        SH:  0    Dex: 18    Spells: 7/7 levels left

rFire    + . .     SeeInvis .   y - +0 hand axe
rCold    . . .     Gourm    .   (no shield)
rNeg     . . .     Faith    .   g - +0 ring mail
rPois    .         Spirit   .   (helmet restricted)
rElec    .         Reflect  .   (no cloak)
rCorr    .         Harm     +   v - +0 pair of gloves (curse)
MR       .....                  q - +1 pair of boots {run}
Stlth    +.........             L - amulet of harm
HPRegen  0.20/turn              t - -2 ring of dexterity (curse)
MPRegen  0.11/turn              D - +3 ring of dexterity

@: quick
A: antennae 2, fire resistance 1, spiny 2
a: Renounce Religion


You were on level 6 of the Dungeon.
You worshipped Makhleb.
Makhleb was noncommittal.
You were not hungry.

You visited 2 branches of the dungeon, and saw 7 of its levels.
You also visited: Sewer.

You collected 319 gold pieces.

Inventory:

Hand Weapons
 y - a +0 hand axe (weapon)
Missiles
 d - 3 throwing nets (quivered)
 p - 11 boomerangs
Armour
 c - a +0 helmet
 g - a +0 ring mail (worn)
 q - a +1 pair of boots of running (worn)
 s - a +2 pair of boots
 v - a cursed +0 pair of gloves (worn)
Jewellery
 a - an uncursed amulet of guardian spirit
 t - a cursed -2 ring of dexterity (left hand)
 D - a +3 ring of dexterity (right hand)
 K - a cursed ring of resist corrosion {unknown}
 L - an amulet of harm (around neck)
Wands
 B - a wand of paralysis (7)
 E - a wand of polymorph (4)
 F - a wand of iceblast (15)
Scrolls
 e - a scroll of blinking {unknown}
 x - 5 scrolls of teleportation
 I - a scroll of enchant armour
Potions
 b - 3 potions of flight
 i - a potion of stabbing {unknown}
 k - a potion of magic
 l - 2 potions of ambrosia
 m - 3 potions of lignification
 r - 5 potions of brilliance
 u - 4 potions of haste
 w - 2 potions of resistance {unknown}
 z - 2 potions of curing
 A - a potion of heal wounds
 C - 2 potions of cancellation {unknown}
Comestibles
 f - 12 rations
 n - 5 chunks of flesh


   Skills:
 * Level 5.3 Fighting
   Level 4.0 Short Blades
 * Level 5.2(5.6) Axes
   Level 3.0(4.5) Maces & Flails
 + Level 2.0 Throwing
 * Level 5.1 Armour
 + Level 4.1 Dodging
 + Level 1.1 Stealth
 * Level 0.7 Invocations


You had 7 spell levels left.
You didn't know any spells.
Your spell library contained the following spells:

 Spells                   Type           Power        Failure   Level  Hunger
 Animate Skeleton         Necr           N/A          58%         1    ##.....
 Apportation              Tloc           #.....       58%         1    ##.....
 Corona                   Hex            #......      58%         1    ##.....
 Summon Small Mammal      Summ           #...         58%         1    ##.....


Dungeon Overview and Level Annotations

Branches:
Dungeon (6/15)             Temple (1/1) D:5           Sewer (visited)

Altars:
Ashenzari
Cheibriados
Dithmenos
Elyvilon
Fedhas
Gozag
Hepliaklqana
Kikubaaqudgha
Makhleb
Nemelex Xobeh
Okawaru
Qazlal
Ru
Sif Muna
Trog
Uskayaw
Vehumet
Wu Jian
Xom
Yredelemnul
Zin
The Shining One

Annotations:
D:5 2 runed translucent doors, demibob's ghost, novice DrTm


Innate Abilities, Weirdness & Mutations

You have a pair of antennae on your head.
Your flesh is heat resistant. (rF+)
You are mostly covered in sharp spines.


Message History

* * * LOW HITPOINT WARNING * * *
You feel much better.
The gargoyle hurls a stone arrow at you.
The stone arrow misses you.
You barely miss the gargoyle.
The gargoyle is severely damaged.
The gargoyle hurls a stone arrow at you.
The stone arrow hits you.
You hit the gargoyle but do no damage.
The gargoyle is severely damaged.
The gargoyle hits you but does no damage.
You hit the gargoyle but do no damage.
The gargoyle is severely damaged.
The gargoyle closely misses you.
You hit the gargoyle but do no damage.
The gargoyle is severely damaged.
The gargoyle hurls a stone arrow at you.
The stone arrow hits you!!
Ouch! That really hurt!
You die...

#. #Z# .###...#
#.# ...).?###
##.# ........
#..# .......
####..######
#....#
...........#
#...#
##....รท..##
#9)#
#...###..####@#
##..##
##..##..#
##.### ##.....#
##.## #######
#.## ..# .## .#
.#


You could see a gargoyle.

Vanquished Creatures
  Sigmund (D:2)
  The ghost of Regimus the Poker, an amateur DrMo (D:4)
  2 phantoms (D:4)
  3 ogres
  2 centaurs
  A scorpion (D:5)
  A howler monkey (D:4)
  3 crimson imps (D:5)
  A centaur skeleton (D:6)
  3 hounds
  4 orc wizards
  A bullfrog skeleton (D:5)
  A gnoll shaman (D:4)
  2 orc priests
  An iguana (D:4)
  3 worker ants
  A howler monkey zombie (D:5)
  8 gnolls
  10 adders
  A shadow imp (D:5)
  3 oozes
  4 adder skeletons
  6 worms
  2 leopard geckos
  14 orcs
  A ball python (Sewer)
  10 bats
  13 giant cockroaches
  7 goblins
  8 hobgoblins
  10 jackals
  27 kobolds
  A quokka (D:2)
  6 frilled lizards
  A leopard gecko skeleton (D:2)
  A quokka zombie (D:5)
  8 rats
172 creatures vanquished.

Vanquished Creatures (others)
  2 fungi (D:4)
  2 plants (D:4)
4 creatures vanquished.

Grand Total: 176 creatures vanquished

Notes
Turn   | Place    | Note
-------+----------+-------------------------------------------
     0 | D:1      | BlueFish the Demonspawn Gladiator began the quest for the
                  | Orb.
     0 | D:1      | Reached XP level 1. HP: 16/16 MP: 1/1
   135 | D:1      | Gained mutation: You have a pair of small antennae on your
                  | head. [demonic ancestry]
   135 | D:1      | Reached XP level 2. HP: 22/22 MP: 2/2
   516 | D:1      | Identified a +0 pair of boots of running (You found it on
                  | level 1 of the Dungeon)
   964 | D:2      | Noticed Sigmund
  1004 | D:2      | Reached XP level 3. HP: 25/27 MP: 3/3
  1634 | D:2      | Reached skill level 1 in Short Blades
  2421 | D:2      | Killed Sigmund
  2421 | D:2      | Reached skill level 1 in Armour
  2421 | D:2      | Gained mutation: You have a pair of antennae on your head.
                  | [demonic ancestry]
  2421 | D:2      | Reached XP level 4. HP: 25/35 MP: 4/4
  2421 | D:2      | Gained mutation: You are partially covered in sharp spines.
                  | [demonic ancestry]
  2421 | D:2      | Reached XP level 5. HP: 30/41 MP: 5/5
  2809 | D:3      | Found a glowing golden altar of the Shining One,
  2914 | D:3      | Gained mutation: Your flesh is heat resistant. (rF+)
                  | [demonic ancestry]
  2914 | D:3      | Reached XP level 6. HP: 28/47 MP: 6/6
  3494 | D:3      | Found a glowing drain,
  3514 | D:3      | HP: 1/47 [gnoll/cursed -1 halberd (3)]
  3515 | Sewer    | Entered a sewer
  4628 | D:4      | Reached skill level 1 in Axes
  4785 | D:4      | Found a runed translucent gate,
  4786 | D:4      | Found a runed translucent gate,
  4786 | D:4      | Found a runed translucent gate,
  4788 | D:4      | Identified the +7 dagger of the End {venom, rElec MR+}
  4792 | D:4      | Noticed Regimus's ghost (amateur DrMo)
  4808 | D:4      | Gained mutation: You are mostly covered in sharp spines.
                  | [demonic ancestry]
  4808 | D:4      | Reached XP level 7. HP: 39/52 MP: 7/7
  4824 | D:4      | HP: 1/52 [phantom (7)]
  5463 | D:4      | Reached XP level 8. HP: 60/60 MP: 8/8
  5555 | D:4      | Found a shimmering altar of Xom,
  5559 | D:4      | Found a blossoming altar of Fedhas,
  5570 | D:4      | Found a bloodstained altar of Trog,
  5687 | D:4      | Killed Regimus's ghost
  5870 | D:5      | Entered Level 5 of the Dungeon
  6231 | D:5      | Reached skill level 1 in Stealth
  6262 | D:5      | Found a runed translucent door,
  6266 | D:5      | Noticed demibob's ghost (novice DrTm)
  6754 | D:5      | Found a runed translucent door,
  6772 | D:5      | Reached skill level 5 in Fighting
  6827 | D:5      | Found a staircase to the Ecumenical Temple,
  6829 | D:5      | Reached skill level 5 in Armour
  6831 | D:5      | Reached skill level 5 in Axes
  6838 | Temple   | Entered the Ecumenical Temple
  6943 | Temple   | Became a worshipper of Makhleb the Destroyer
  7188 | D:6      | Noticed a gargoyle
  7212 | D:6      | Killed from afar by a gargoyle

Levels and vault maps discovered:
D:1:      psy_arrival_dodecagon, layout_loops_ring
D:2:      layout_rooms, uniq_sigmund
D:3:      layout_loops_cross, lemuel_doored_altar, cheibrodos_sewer_entry_bend,
          first_ration, dk_vineyard_2
D:4:      layout_gridville, minmay_overflow_temple_star_quad,
          gammafunk_ghost_nasty_kobolds
D:5:      minmay_chambers_of_threes, layout_rooms, minmay_temple_entry_fiery,
          ebering_ghost_sewer_f
D:6:      layout_layer_cave, uniq_eustachio, uniq_edmund, uniq_duvessa
Temple:   dpeg_five_rooms_temple

Skill      XL: |  1  2  3  4  5  6  7  8 |
---------------+-------------------------+-----
Maces & Flails | 3 |  3.0
Dodging        | 3 4 |  4.1
Throwing       | 2 |  2.0
Short Blades   | 3 4 |  4.0
Fighting       | 3 4 5 |  5.3
Armour         | 1 2 3 5 |  5.1
Axes           | 1 3 5 |  5.2
Stealth        | 1 |  1.1
Invocations    | |  0.7

Action                   |  1- 3 |  4- 6 |  7- 9 || total
-------------------------+-------+-------+-------++-------
Melee: Flail             |    24 |       |       ||    24
       Dagger            |   246 |   122 |       ||   368
       Hand axe          |       |    59 |   201 ||   260
  Use: Scroll            |     6 |     3 |     3 ||    12
       Potion            |       |       |     7 ||     7
  Eat: Chunk             |     5 |     7 |     8 ||    20
Armor: Ring mail         |    71 |    63 |    76 ||   210
       Leather armour    |     2 |       |       ||     2
Dodge: Dodged            |   165 |   123 |   124 ||   412

Table legend:
 A = Non-vault XP
 B = Vault XP
 C = Vault XP percentage of total XP
 D = Non-vault monster count
 E = Vault monster count
 F = Vault count percentage of total count
                 A         B        C        D         E       F
            +---------+---------+-------+---------+---------+-------
      Total |    1990 |     717 |  26.5 |     131 |      41 |  23.8
            +---------+---------+-------+---------+---------+-------
        D:1 |      49 |       0 |   0.0 |      22 |       0 |   0.0
        D:2 |      63 |     208 |  76.8 |      22 |       1 |   4.3
        D:3 |     172 |      10 |   5.5 |      24 |       2 |   7.7
        D:4 |     891 |     207 |  18.9 |      38 |       5 |  11.6
        D:5 |     591 |     254 |  30.1 |      16 |       9 |  36.0
        D:6 |     224 |       0 |   0.0 |       9 |       0 |   0.0
      Sewer |       0 |      38 | 100.0 |       0 |      24 | 100.0
            +---------+---------+-------+---------+---------+-------
